Cogmind - Beta 9.6 @@@ ROGUE MODE // 2020.06.23 @ 15:45:44 Player: Vectis Result: Destroyed by S-27 Virus with Autogun Performance ------------- Evolutions (3) 1500 Regions Visited (9) 1800 Robots Destroyed (199) 995 Value Destroyed (7669) 7669 Prototype IDs (9) 180 Alien Tech Used (0) 0 Bonus (1593) 1593 TOTAL SCORE: 13737 Bonus ------- High Alert Combat Kills 769 Follower Combat Kills 758 Entered Garrisons 400 Used RIF Installer 1000 Friendly Fire -1334 Cogmind --------- Core Integrity 0/700 Matter 275/300 Energy 290/290 System Corruption 7% Temperature Cool (0) Movement Rolling (120) Ox3 Location -7/Lower Caves Parts ------- > --- POWER (1) -------- Improved Deuterium Engine > --- PROPULSION (2) --- Armored Wheel Armored Wheel > --- UTILITY (8) ------ Large Storage Unit Large Storage Unit Large Storage Unit Large Storage Unit Relay Coupler [Swarmer] (21) Relay Coupler [Grunt] (6) Relay Coupler [Demolisher] (9) Relay Coupler [Hunter] (18) > --- WEAPON (2) ------- Enhanced Autogun Remote Datajack > --- INVENTORY (28) --- Armored Wheel Armored Wheel Armored Wheel Medium Storage Unit Large Storage Unit YI-UF0's Bottomless Matter Pit (1500) Makeshift Armor Plating System Shield Relay Coupler [NC] (26) Relay Coupler [NC] (25) Relay Coupler [Swarmer] (38) Relay Coupler [Swarmer] (35) Relay Coupler [Grunt] (22) Relay Coupler [Duelist] (26) Relay Coupler [Duelist] (27) Relay Coupler [Sentry] (18) Relay Coupler [Sentry] (18) Relay Coupler [Specialist] (22) Relay Coupler [Hunter] (12) Relay Coupler [Hunter] (12) Relay Coupler [Hunter] (18) Relay Coupler [Behemoth] (11) System Backup Module Battle Rifle Missile Launcher Remote Datajack Plasma Cutter Katana Peak State ------------ > --- POWER ------------ Cooled Ion Engine > --- PROPULSION ------- Gravmag System Gravmag System > --- UTILITY ---------- Large Storage Unit Enhanced Optical Array Hacking Suite System Shield Relay Coupler [Grunt] Relay Coupler [Sentry] Relay Coupler [Hunter] System Backup Module > --- WEAPON ----------- Enhanced Autogun Enhanced Autogun > --- INVENTORY -------- Improved Ion Engine Gravmag System Improved Light Armor Plating Relay Coupler [Swarmer] Relay Coupler [Duelist] Relay Coupler [Hunter] Missile Launcher Remote Datajack Katana [Rating: 49] Favorites ----------- Power Light Ion Engine Engine Light Ion Engine Power Core Light Nuclear Core Propulsion Light Treads Treads Light Treads Leg Aluminum Leg Wheel Armored Wheel Hover Unit Gravmag System Utility Large Storage Unit Device Improved Heat Sink Storage Large Storage Unit Processor Enhanced Optical Array Hackware Relay Coupler [Grunt] Protection Medium Reflective Plating Weapon Light Assault Rifle Energy Gun Heavy EM Shotgun Energy Cannon Advanced Beam Cannon Ballistic Gun Light Assault Rifle Ballistic Cannon Assault Cannon Launcher Mini Grenade Launcher Special Weapon Mining Laser Slashing Weapon Katana Special Melee Weapon Improved Datajack Build | -11 -10 -9 -9 -8 -8 -8 -8 -7 -7 ------- Run | Scr Mat Mat Min Mat Gar Mat Gar Fac Low Slots Evolved 6 | . . 2 . 2 . . . 2 . Power . | . . . . . . . . . . Propulsion . | . . . . . . . . . . Utility 6 | . . 2 . 2 . . . 2 . Weapon . | . . . . . . . . . . Parts Attached 313 | 18 2 38 2 44 23 15 54 114 3 Power 17 | 2 . 5 . 3 . . 2 5 . Engine 16 | 2 . 5 . 3 . . 2 4 . Core 1 | . . . . . . . . 1 . Reactor . | . . . . . . . . . . Propulsion 50 | 8 . 5 . 9 3 1 10 14 . Treads 24 | 2 . 5 . 7 3 1 4 2 . Leg 3 | 1 . . . . . . . 2 . Wheel 11 | 3 . . . . . . 6 2 . Hover 12 | 2 . . . 2 . . . 8 . Flight . | . . . . . . . . . . Utility 91 | 2 2 4 2 13 2 4 25 35 2 Device 11 | . . 2 . 3 . . 1 5 . Storage 31 | 1 2 1 1 4 1 2 11 8 . Processor 4 | 1 . . . . . . . 3 . Hackware 22 | . . . . . . 2 5 13 2 Protection 23 | . . 1 1 6 1 . 8 6 . Artifact . | . . . . . . . . . . Weapon 155 | 6 . 24 . 19 18 10 17 60 1 Energy Gun 11 | . . 3 . 7 . . . 1 . Energy Cannon 6 | . . 4 . 2 . . . . . Ballistic Gun 68 | 3 . 8 . 5 11 4 10 27 . Ballistic Cannon 4 | . . 4 . . . . . . . Launcher 21 | 1 . 5 . 4 7 1 1 2 . Special Weapon 23 | 2 . . . 1 . . . 19 1 Impact Weapon . | . . . . . . . . . . Slashing Weapon 13 | . . . . . . 1 1 11 . Piercing Weapon . | . . . . . . . . . . Special Melee Weapon 9 | . . . . . . 4 5 . . Unidentified Prototypes 9 | . . 5 1 3 . . . . . Parts Lost 35 | 2 . 8 . 4 1 . 5 15 . Power 5 | . . 2 . . . . . 3 . Propulsion 10 | 1 . 1 . . . . 2 6 . Utility 10 | . . 2 . 2 1 . 2 3 . Weapon 10 | 1 . 3 . 2 . . 1 3 . Highest Loss Streak 4 | 1 . 2 . 1 1 . 2 4 . Average Slot Usage (%) 95 | . 100 90 100 97 100 99 96 92 100 Engine 7 | . 14 10 11 9 9 9 9 4 7 Treads 7 | . . 16 22 4 18 18 11 . . Wheel 4 | . . . . . . . 5 7 15 Hover 4 | . 28 3 . 13 . . . 7 . Device 2 | . . 7 7 5 . . 2 1 . Storage 28 | . 28 28 33 33 48 53 26 21 38 Processor 2 | . . . . . . . . 5 . Hackware 13 | . . . . . . . 15 23 23 Protection 5 | . . 1 3 13 5 . 7 2 . Energy Cannon 1 | . . 8 22 2 . . . . . Ballistic Gun 13 | . 14 8 . 7 17 16 17 12 7 Naked Turns . | . . . . . . . . . . Heaviest Build 125 | 9 37 67 69 97 110 110 110 125 96 Greatest Support 44 | 44 44 44 40 44 40 40 40 24 24 Greatest Overweight (x) 9 | . . 3 1 3 2 2 4 9 3 Average Overweight (x) . | . . 1 1 1 2 2 1 2 3 Largest Inventory Capacity 40 | 6 16 22 22 34 40 40 40 40 34 Average Capacity 13 | 5 14 19 22 26 36 39 21 21 33 Most Carried 40 | 6 6 22 22 34 40 40 40 40 34 Average Carried 12 | 5 6 18 22 25 35 39 18 19 30 Final Capacity 40 | 6 16 22 22 34 40 40 40 34 28 Final Carried 40 | 6 6 22 22 34 40 40 40 30 28 Class Distribution -------------------- 58% | Scavenger-Mutant 14% | Bothacker-Mutant 14% | Hauler-Mutant 9% | Commander-Mutant Dominant Class ---------------- Scavenger-Mutant | -10/Materials Hauler-Mutant | -9/Materials Hauler-Mutant | -9/Mines Hauler-Mutant | -8/Materials Hauler-Mutant | -8/Garrison Bothacker-Mutant | -8/Materials Commander-Mutant | -8/Garrison Bothacker-Mutant | -7/Factory Bothacker-Mutant | -7/Lower Caves Resources | -11 -10 -9 -9 -8 -8 -8 -8 -7 -7 ----------- Run | Scr Mat Mat Min Mat Gar Mat Gar Fac Low Matter Collected 9423 | 599 . 900 139 1814 481 491 2152 2804 43 Remotely . | . . . . . . . . . . Salvage Created 8150 | 171 . 1843 134 2051 481 225 1675 1570 . Parts 405 | 8 . 113 6 106 30 4 55 83 . Haulers Intercepted 12 | . . 4 . 5 . 1 . 2 . Recyclers Shooed 4 | . . 1 . 1 . 1 . 1 . Parts Field Recycled . | . . . . . . . . . . Retrieved Matter . | . . . . . . . . . . Parts Self-Destructed 2 | . . . . . . . . . 2 Prevented . | . . . . . . . . . . Kills | -11 -10 -9 -9 -8 -8 -8 -8 -7 -7 ------- Run | Scr Mat Mat Min Mat Gar Mat Gar Fac Low Combat Hostiles Destroyed 153 | 11 . 48 . 33 17 5 17 22 . Melee 2 | . . . . . . . . 2 . Guns 92 | 8 . 13 . 22 10 3 17 19 . Cannons 23 | . . 19 . 3 . . . 1 . AOE 33 | 3 . 16 . 5 7 2 . . . Classes Destroyed 18 | 2 . 11 . 2 1 . 1 1 . Worker 9 | . . 3 2 1 . 1 . 2 . Builder 2 | . . 1 . 1 . . . . . Tunneler 4 | 3 . . . 1 . . . . . Hauler 12 | . . 4 . 5 . 1 . 2 . Recycler 9 | . . 3 . 2 . . . 4 . Carrier 1 | . . . . 1 . . . . . Operator 4 | . . 1 . 3 . . . . . Watcher 4 | . . 2 . . . . . 2 . Swarmer 29 | . . 16 . 7 6 . . . . Grunt 66 | . . 20 . 15 8 5 10 8 . Brawler 3 | . . . . . 1 . 1 1 . Duelist 4 | . . 1 . 2 . . 1 . . Protector 1 | . . 1 . . . . . . . Sentry 25 | . . 10 . 7 2 . 4 2 . Hunter 2 | . . . . 2 . . . . . Programmer 11 | . . . . . . . . 11 . Behemoth 1 | . . . . . . . 1 . . Assembled 11 | 11 . . . . . . . . . Best Kill Streak 8 | 2 . 8 2 8 3 6 3 3 . Combat Bots Only 6 | 2 . 6 . 6 3 5 3 2 . Max Kills in Single Turn 5 | 2 . 5 1 2 2 2 1 1 . Gunslinging . | . . . . . . . . . . Exploded 5 | 2 . 5 . 2 2 2 . . . Melee 1 | . . . . . . . . 1 . Uniques/NPCs Destroyed 1 | . . . 1 . . . . . . YI-UF0 (-9/Mines) Combat | -11 -10 -9 -9 -8 -8 -8 -8 -7 -7 -------- Run | Scr Mat Mat Min Mat Gar Mat Gar Fac Low Damage Taken 8922 | 677 . 1670 . 1422 587 169 1649 2622 126 Core 1632 | 245 . 279 . 186 91 33 94 642 62 Absorbed by Shields 432 | . . . . . 87 . 345 . . Core Remaining (%) 15 | 2 2 . 30 . . . 26 . . Volleys Fired 1184 | 456 . 115 8 121 59 10 226 186 3 Largest 2 | 2 . 2 2 2 2 2 2 2 1 Hottest 136 | 120 . 136 136 136 61 61 50 50 30 Shots Fired 1766 | 494 . 220 16 222 108 19 387 296 4 Gun 1113 | 95 . 119 . 169 97 16 386 230 1 Cannon 146 | . . 92 16 38 . . . . . Launcher 32 | 2 . 9 . 6 11 3 1 . . Special 475 | 397 . . . 9 . . . 66 3 Kinetic 1046 | 95 . 166 . 60 97 16 386 225 1 Thermal 499 | 397 . 43 16 34 . . . 9 . Explosive 32 | 2 . 9 . 6 11 3 1 . . Electromagnetic 129 | . . 2 . 122 . . . 5 . Robot Hit Streak 56 | 9 . 14 8 14 21 5 56 14 1 Robot Miss Streak 7 | 5 . 4 4 5 7 5 2 5 2 Penetration Max . | . . . . . . . . . . Secondary Targets 9 | . . 1 . 1 2 . 5 . . Max Gunslinging Chain 1 | . . 1 . 1 1 . 1 . . Shots Hit Robots 999 | 56 . 142 11 156 64 15 332 222 1 Core Hits 433 | 34 . 86 5 79 31 13 120 65 . Critical Hits 23 | . . 7 2 5 . . 6 3 . Critical Kills 9 | . . 5 1 2 . . . 1 . Critical Parts Destroyed 12 | . . 2 . 3 . . 5 2 . Melee Attacks 88 | . . . . . . 8 16 64 . Impact . | . . . . . . . . . . Slashing 71 | . . . . . . 2 5 64 . Piercing . | . . . . . . . . . . Sneak Attacks 3 | . . . . . . 2 . 1 . Combat Hostiles . | . . . . . . . . . . Follow-up Attacks . | . . . . . . . . . . Damage Inflicted 17788 | 604 . 3335 224 3717 1844 481 3781 3802 . Guns 11173 | 481 . 944 . 2134 921 171 3753 2769 . Cannons 2044 | . . 1294 224 526 . . . . . Explosions 3509 | 123 . 1093 . 971 923 310 28 61 . Melee 899 | . . . . . . . . 899 . Ramming 4 | . . 4 . . . . . . . Kinetic 10186 | 481 . 1634 . 588 921 171 3753 2638 . Thermal 1611 | . . 595 224 658 . . . 134 . Explosive 3122 | 123 . 1093 . 645 923 310 28 . . Electromagnetic 1966 | . . 9 . 1826 . . . 131 . Impact . | . . . . . . . . . . Slashing 899 | . . . . . . . . 899 . Piercing . | . . . . . . . . . . Highest Corruption 7 | 3 3 . . . . . . 7 7 Average Corruption 3 | 3 3 . . . . . . 2 7 Corruption Purged 4 | . . . . . . . . 4 . Effects 126 | 43 2 . . . . . . 71 10 Message Errors 32 | 7 1 . . . . . . 19 5 Matter Fused 36 | 13 . . . . . . . 20 3 Heat Flow Errors 11 | 2 . . . . . . . 8 1 Energy Discharges 17 | 9 . . . . . . . 8 . Data Loss (minor) 14 | 4 1 . . . . . . 9 . Data Loss (major) 1 | . . . . . . . . 1 . Misfires 2 | . . . . . . . . 1 1 Targeting Errors 13 | 8 . . . . . . . 5 . Overload Shots . | . . . . . . . . . . Overflow Damage 326 | . . 48 13 61 42 1 . 161 . Projectiles 42 | . . 29 13 . . . . . . Explosions 160 | . . 19 . 61 42 1 . 37 . Melee 124 | . . . . . . . . 124 . Knockbacks 9 | . . 9 . . . . . . . Impact . | . . . . . . . . . . Kinetic 6 | . . 6 . . . . . . . Secondary 3 | . . 3 . . . . . . . Self-Inflicted Damage 293 | 24 . 42 . 133 47 . . 47 . Shots 11 | 1 . 2 . 3 4 . . 1 . Rammed 2 | . . 2 . . . . . . . Targets Rammed 3 | . . 3 . . . . . . . Kicked . | . . . . . . . . . . Crushed 1 | . . 1 . . . . . . . Highest Temperature 375 | 351 . 138 12 375 40 26 292 246 133 Average Temperature 63 | 61 . 26 6 90 13 12 89 34 57 Received Heat Transfer 2363 | 160 . 564 . 450 174 90 460 456 9 Effects 7 | 1 . . . 4 . . 2 . . Shutdowns 1 | . . . . 1 . . . . . Energy Bleed 4 | 1 . . . 1 . . 2 . . Interference 2 | . . . . 2 . . . . . Siege Activations . | . . . . . . . . . . Robots Corrupted 4 | . . . . 4 . . . . . Combat Hostiles 3 | . . . . 3 . . . . . Parts Fried 9 | . . . . 7 . . . 2 . Impact Corruptions . | . . . . . . . . . . Robots Melted . | . . . . . . . . . . Combat Hostiles . | . . . . . . . . . . Parts Melted 2 | . . . . . . . 1 1 . Heat Transferred 2770 | . . 1051 407 1040 . . . 272 . Parts Sabotaged . | . . . . . . . . . . Parts Stolen . | . . . . . . . . . . Parts Stripped . | . . . . . . . . . . Power Chain Reactions 5 | . . . . 4 . . . 1 . Missiles Intercepted . | . . . . . . . . . . Alert | -11 -10 -9 -9 -8 -8 -8 -8 -7 -7 ------- Run | Scr Mat Mat Min Mat Gar Mat Gar Fac Low Peak Influence 969 | 30 19 829 245 573 969 486 838 643 . Average Influence 162 | 1 19 523 242 291 788 231 556 172 . Maximum Alert Level 3 | . . 3 1 2 3 2 3 2 . Low Security (%) 70 | 100 100 7 . 14 . 17 1 65 . Level 1 12 | . . 13 100 71 5 76 35 21 . Level 2 8 | . . 60 . 13 24 5 16 12 . Level 3 8 | . . 18 . . 70 . 46 . . Level 4 . | . . . . . . . . . . Level 5 . | . . . . . . . . . . High Security . | . . . . . . . . . . Max Security . | . . . . . . . . . . Squads Dispatched 30 | . . 3 . 3 . 2 . 22 . Investigation 2 | . . 2 . . . . . . . Extermination 12 | . . . . . . . . 12 . Reinforcement 9 | . . . . 3 . 2 . 4 . Assault 1 | . . 1 . . . . . . . Garrison 6 | . . . . . . . . 6 . Intercept . | . . . . . . . . . . Construction Impeded 2 | . . . . 1 . . . 1 . Haulers Reinforced 2 | . . . . . . . . 2 . Stealth | -11 -10 -9 -9 -8 -8 -8 -8 -7 -7 --------- Run | Scr Mat Mat Min Mat Gar Mat Gar Fac Low Distress Signals 11 | . . 2 . 3 . . . 6 . Communications Jammed . | . . . . . . . . . . Distress Signals . | . . . . . . . . . . Times Spotted 285 | 11 . 72 . 54 21 11 26 86 4 Peak Tracking Total 9 | 2 . 6 . 9 3 4 4 6 3 Tactical Retreats 19 | . . 1 . 8 7 . 1 2 . Traps | -11 -10 -9 -9 -8 -8 -8 -8 -7 -7 ------- Run | Scr Mat Mat Min Mat Gar Mat Gar Fac Low Traps Triggered 22 | . . . . . 11 . 9 2 . Indirectly . | . . . . . . . . . . Trap Hack Attempts . | . . . . . . . . . . Triggered . | . . . . . . . . . . Disarmed . | . . . . . . . . . . Reprogrammed . | . . . . . . . . . . Reused . | . . . . . . . . . . Traps Extracted . | . . . . . . . . . . Installed . | . . . . . . . . . . Triggered . | . . . . . . . . . . Machines | -11 -10 -9 -9 -8 -8 -8 -8 -7 -7 ---------- Run | Scr Mat Mat Min Mat Gar Mat Gar Fac Low Machines Disabled 19 | . . 3 . 3 4 1 5 3 . Max in Single Turn 2 | . . 2 . 1 1 1 1 1 . Garrison Relay 9 | . . . . . 4 . 5 . . Machines Sabotaged . | . . . . . . . . . . Garrisons Compromised . | . . . . . . . . . . Overloaded Fab Kills . | . . . . . . . . . . Fab Network Shutdowns . | . . . . . . . . . . Hacking | -11 -10 -9 -9 -8 -8 -8 -8 -7 -7 --------- Run | Scr Mat Mat Min Mat Gar Mat Gar Fac Low Machines Accessed 30 | . 1 13 . 4 . 1 . 10 1 Terminals 15 | . 1 9 . 2 . . . 3 . Fabricators 1 | . . . . . . . . 1 . Repair Stations 4 | . . 2 . 1 . . . 1 . Recycling Units 4 | . . 1 . . . . . 3 . Scanalyzers 1 | . . 1 . . . . . . . Garrison Access 4 | . . . . 1 . 1 . 2 . Total Hacks 77 | . 2 38 . 13 . 2 . 21 1 Successful 38 | . . 21 . 6 . 1 . 9 1 Failed 39 | . 2 17 . 7 . 1 . 12 . Catastrophic 4 | . . 2 . 1 . . . 1 . Database Lockouts . | . . . . . . . . . . Manual 53 | . 2 22 . 10 . 1 . 18 . Terminals 40 | . 2 23 . 7 . . . 8 . Fabricators 1 | . . . . . . . . 1 . Repair Stations 10 | . . 6 . 1 . . . 3 . Recycling Units 6 | . . 1 . . . . . 5 . Scanalyzers 8 | . . 8 . . . . . . . Garrison Access 11 | . . . . 5 . 2 . 4 . Terminal Hacks 10 | . . 5 . 2 . . . 2 1 Open Door 1 | . . . . . . . . . 1 Unreport Threat 6 | . . 2 . 2 . . . 2 . Locate Traps 2 | . . 2 . . . . . . . Zone Layout 1 | . . 1 . . . . . . . Fabricator Hacks . | . . . . . . . . . . Repair Station Hacks 4 | . . 4 . . . . . . . Scan Component 2 | . . 2 . . . . . . . Repair 2 | . . 2 . . . . . . . Recycling Unit Hacks 1 | . . . . . . . . 1 . Retrieve Components 1 | . . . . . . . . 1 . Scanalyzer 7 | . . 7 . . . . . . . Insert Component 4 | . . 4 . . . . . . . Analyze 3 | . . 3 . . . . . . . Garrison Access Hacks 2 | . . . . 1 . 1 . . . Unlock Access 2 | . . . . 1 . 1 . . . Unauthorized Hacks 14 | . . 5 . 3 . . . 6 . Terminals 6 | . . 4 . 2 . . . . . Track 1 | . . 1 . . . . . . . Botnet 4 | . . 3 . 1 . . . . . Operators 1 | . . . . 1 . . . . . Fabricators 1 | . . . . . . . . 1 . Report 1 | . . . . . . . . 1 . Repair Stations 1 | . . . . . . . . 1 . Mechanics 1 | . . . . . . . . 1 . Recycling Units 4 | . . 1 . . . . . 3 . Reject 1 | . . . . . . . . 1 . Mask 2 | . . . . . . . . 2 . Tunnel 1 | . . 1 . . . . . . . Scanalyzers . | . . . . . . . . . . Garrison Access 2 | . . . . 1 . . . 1 . Restock 1 | . . . . . . . . 1 . Reprogram 1 | . . . . 1 . . . . . Data Cores Recovered 1 | . . 1 . . . . . . . Used . | . . . . . . . . . . Hacking Detections 24 | . 1 11 . 4 . 1 . 7 . Full Trace Events 1 | . . 1 . . . . . . . Feedback Events . | . . . . . . . . . . Feedback Blocked . | . . . . . . . . . . Robot Schematics Acquired . | . . . . . . . . . . Robots Built . | . . . . . . . . . . Matter . | . . . . . . . . . . Time . | . . . . . . . . . . Total Robot Build Rating . | . . . . . . . . . . Part Schematics Acquired 3 | . . 3 . . . . . . . Parts Built . | . . . . . . . . . . Matter . | . . . . . . . . . . Time . | . . . . . . . . . . Total Part Build Rating . | . . . . . . . . . . Parts Repaired 2 | . . 2 . . . . . . . Time 100 | . . 100 . . . . . . . Parts Recycled . | . . . . . . . . . . Recycled Matter . | . . . . . . . . . . Retrieved Matter . | . . . . . . . . . . Retrieved Components 6 | . . . . . . . . 6 . Parts Scanalyzed 3 | . . 3 . . . . . . . Part Schematics Acquired 3 | . . 3 . . . . . . . Parts Damaged . | . . . . . . . . . . Bothacking | -11 -10 -9 -9 -8 -8 -8 -8 -7 -7 ------------ Run | Scr Mat Mat Min Mat Gar Mat Gar Fac Low Used RIF Installer 2 | . . . . . 1 . 1 . . Structural Interface 1 | . . . . . . . 1 . . Robots Hacked 30 | . . . . . . 2 7 20 1 Non-combat 9 | . . . . . . 1 . 8 . Combat 21 | . . . . . . 1 7 12 1 Robot Hacks Applied 43 | . . . . . . 5 7 30 1 no_distress 3 | . . . . . . . . 3 . find_chute 1 | . . . . . . . . 1 . find_fabricator 1 | . . . . . . . . 1 . find_station 1 | . . . . . . . . 1 . purge_threat 10 | . . . . . . 2 . 8 . disarm_traps 1 | . . . . . . . . 1 . find_garrison 1 | . . . . . . 1 . . . link_fov 2 | . . . . . . 1 . 1 . formatsys_low 2 | . . . . . . . . 2 . formatsys_high 21 | . . . . . . 1 7 12 1 Relay Couplers Released 45 | . . . . . 19 . 22 4 . Machine Destruction 41 | . . . . . 19 . 22 . . Programmers 4 | . . . . . . . . 4 . Attached 20 | . . . . . . 2 5 11 2 Robots Rewired . | . . . . . . . . . . Allies Hacked . | . . . . . . . . . . Hacks Repelled . | . . . . . . . . . . Allies | -11 -10 -9 -9 -8 -8 -8 -8 -7 -7 -------- Run | Scr Mat Mat Min Mat Gar Mat Gar Fac Low Total Allies 24 | . . . . 1 . 1 7 14 1 Largest Group 14 | . . . . 1 . 1 7 14 3 Highest-Rated Group 281 | . . . . 27 . 15 118 281 81 Highest-Rated Ally 34 | . . . . 27 . 15 21 34 34 Total Orders 65 | . . . . . . . 10 53 2 STAY 42 | . . . . . . . 7 34 1 ROAM 1 | . . . . . . . . 1 . FOLLOW 20 | . . . . . . . 3 16 1 AID 2 | . . . . . . . . 2 . Ally Attacks 215 | . . . . . . 11 10 190 4 Total Damage 4652 | . . . . . . 272 201 4082 97 Kills 40 | . . . . . . 3 1 35 1 Allies Corrupted 1 | . . . . . . . . 1 . Allies Melted . | . . . . . . . . . . Intel | -11 -10 -9 -9 -8 -8 -8 -8 -7 -7 ------- Run | Scr Mat Mat Min Mat Gar Mat Gar Fac Low Robot Analysis Total . | . . . . . . . . . . Derelict Logs Recovered 1 | . . . . . . . . . 1 Drone Launches . | . . . . . . . . . . Drone Recoveries . | . . . . . . . . . . Exploration | -11 -10 -9 -9 -8 -8 -8 -8 -7 -7 ------------- Run | Scr Mat Mat Min Mat Gar Mat Gar Fac Low Turns Passed 44307 | 25711 53 1913 154 1711 1890 454 4936 7188 297 Spaces Moved 19575 | 9165 66 806 70 710 822 184 2706 4813 233 Core 60 | 1 . . . . . . . 59 . Treads 11999 | 8681 . 596 70 155 822 184 1489 2 . Legs 89 | . . . . . . . . 89 . Wheels 3986 | 203 . . . . . . 1217 2333 233 Hover 3441 | 280 66 210 . 555 . . . 2330 . Flight . | . . . . . . . . . . Fastest Speed 50 | 50 76 76 180 146 200 200 100 56 120 Average Speed 147 | 155 76 159 180 170 200 200 150 115 120 Slowest Speed 500 | 160 76 220 180 220 200 200 200 500 120 Overloaded Moves . | . . . . . . . . . . Propulsion Burnouts . | . . . . . . . . . . Robots Hopped . | . . . . . . . . . . Cave-ins Triggered 1 | 1 . . . . . . . . . Exploration Rate (%) 57 | 122 17 87 9 55 88 27 85 42 42 Regions Visited 9 Branch Regions 2 Pre-discovered Areas 1 | . . 1 . . . . . . . Known Exits Taken 3 | . . . . 1 . 1 . 1 . Unknown Exits Taken 4 | 1 1 1 1 . . . . . . Scrap Searched 2 | . . . . . . . . . 2 Spaces Dug 94 | 53 . . . . . 2 15 24 . Terrain Destroyed 379 | 131 . 79 . 50 68 7 15 29 . Melee 29 | . . . . . . 2 3 24 . Projectile 118 | 111 . 7 . . . . . . . AOE 232 | 20 . 72 . 50 68 5 12 5 . Actions | -11 -10 -9 -9 -8 -8 -8 -8 -7 -7 --------- Run | Scr Mat Mat Min Mat Gar Mat Gar Fac Low Total 32708 | 19338 69 1227 82 1004 995 243 3362 6140 248 Wait 10951 | 9684 . 209 2 61 39 8 116 828 4 Move 19567 | 9164 65 805 69 709 821 184 2705 4812 233 Hop . | . . . . . . . . . . Pick Up 265 | 9 . 34 . 34 20 15 87 61 5 Fast Attach 85 | 10 1 10 1 14 . . 18 31 . Attach 50 | 2 . 9 . 12 3 2 7 15 . Detach 8 | 1 . 2 . . . . 3 2 . Swap 179 | 6 1 19 1 19 20 13 29 68 3 Drop 259 | 6 2 21 1 34 14 2 106 73 . Fire 1184 | 456 . 115 8 121 59 10 226 186 3 Melee 88 | . . . . . . 8 16 64 . Ram . | . . . . . . . . . . Kick . | . . . . . . . . . . Crush 3 | . . 3 . . . . . . . Escape Stasis 63 | . . . . . 19 . 44 . . Rewire 6 | . . . . . . 1 5 . . Trap . | . . . . . . . . . . Miscellaneous . | . . . . . . . . . . Route ------- -11/Scrapyard -10/Materials -9/Materials (discovered 4 exits: *Mat x3 / [*Min]) -9/Mines -8/Materials (discovered 3 exits: *Fac x2 / Gar) -8/Garrison (discovered 3 exits: *Mat x3) -8/Materials -8/Garrison (discovered 3 exits: *Fac x3) -7/Factory (discovered 4 exits: *Fac / *Sto x2 / *Low) -7/Lower Caves History --------- Turn | Location | Event 7 | -11/Scrapyard | Discovered new exit (range 15) 23920 | -11/Scrapyard | Crushed by falling debris 24860 | -11/Scrapyard | Assembled infested the area 25170 | -11/Scrapyard | Core integrity fell below 50% 25423 | -11/Scrapyard | Core integrity fell below 20% 25712 | -11/Scrapyard | Entered Materials 25713 | -10/Materials | Build established: Scavenger-Mutant 25758 | -10/Materials | Discovered new exit (range 10) 25765 | -10/Materials | Entered another Materials area 25765 | -9/Materials | Evolved 2 slots: Utility x2 26039 | -9/Materials | Discovered new exit (range 8) 26325 | -9/Materials | Build established: Mutant 26374 | -9/Materials | Repaired Cmb. Airjet 26425 | -9/Materials | Repaired Cmb. Airjet 26724 | -9/Materials | Discovered new exit (range 9) 26827 | -9/Materials | Build established: Hauler-Mutant 26965 | -9/Materials | First assault squad dispatched 26999 | -9/Materials | Discovered new exit (range 14) 27060 | -9/Materials | Core integrity fell below 50% 27343 | -9/Materials | Discovered new exit (range 15) 27678 | -9/Materials | Entered Mines 27678 | -9/Mines | Discovered new exit (range 11) 27681 | -9/Mines | Assisted by bots powering up and referring to "LRC-V3" 27772 | -9/Mines | Destroyed YI-UF0 27781 | -9/Mines | Found Prototype Storage 27781 | -9/Mines | Identified YI-UF0's Bottomless Matter Pit 27832 | -9/Mines | Entered Materials 27832 | -8/Materials | Evolved 2 slots: Utility x2 28869 | -8/Materials | Discovered new exit (range 15) 29365 | -8/Materials | Identified exit to Garrison 29406 | -8/Materials | Discovered new exit (range 7) 29543 | -8/Materials | Entered Garrison 29643 | -8/Garrison | Triggered checkpoint 29683 | -8/Garrison | Garrison Relay disabled 29771 | -8/Garrison | Triggered checkpoint 29912 | -8/Garrison | Discovered new exit (range 14) 30018 | -8/Garrison | Triggered checkpoint 30080 | -8/Garrison | Triggered checkpoint 30167 | -8/Garrison | Garrison Relay disabled 30211 | -8/Garrison | Discovered new exit (range 10) 30302 | -8/Garrison | Triggered checkpoint 30315 | -8/Garrison | Core integrity fell below 50% 30387 | -8/Garrison | Discovered new exit (range 10) 30423 | -8/Garrison | Installed Relay Interface Framework 30476 | -8/Garrison | Triggered checkpoint 30536 | -8/Garrison | Garrison Relay disabled 30686 | -8/Garrison | Triggered checkpoint 30733 | -8/Garrison | Garrison Relay disabled 31218 | -8/Garrison | Build established: Bothacker-Mutant 31433 | -8/Garrison | Entered Materials 31887 | -8/Materials | Identified exit to Garrison 31887 | -8/Materials | Entered Garrison 31887 | -8/Garrison | Accompanied by 1 ally 31930 | -8/Garrison | Triggered checkpoint 31972 | -8/Garrison | Garrison Relay disabled 32431 | -8/Garrison | Build established: Hauler-Mutant 32976 | -8/Garrison | Build established: Bothacker-Mutant 32986 | -8/Garrison | Triggered checkpoint 33466 | -8/Garrison | Triggered checkpoint 33521 | -8/Garrison | Garrison Relay disabled 33736 | -8/Garrison | Discovered new exit (range 15) 34044 | -8/Garrison | Triggered checkpoint 34070 | -8/Garrison | Build established: Commander-Mutant 34154 | -8/Garrison | Triggered checkpoint 34189 | -8/Garrison | Garrison Relay disabled 34259 | -8/Garrison | Discovered new exit (range 15) 34293 | -8/Garrison | Expanded RIF knowledge: Structural Interface 34479 | -8/Garrison | Triggered checkpoint 34550 | -8/Garrison | Garrison Relay disabled 34619 | -8/Garrison | Discovered new exit (range 14) 35377 | -8/Garrison | Spotted B-75 Beast 35428 | -8/Garrison | Destroyed B-75 Beast 35456 | -8/Garrison | Garrison Relay disabled 35860 | -8/Garrison | Build established: Hauler-Mutant 36823 | -8/Garrison | Entered Factory 36823 | -7/Factory | Accompanied by 6 allies 36823 | -7/Factory | Evolved 2 slots: Utility x2 37297 | -7/Factory | Discovered new exit (range 10) 37364 | -7/Factory | Build established: Bothacker-Mutant 38345 | -7/Factory | Lost 3 parts (1p2n) 39434 | -7/Factory | Identified exit to Storage 39669 | -7/Factory | Build established: Commander-Mutant 41233 | -7/Factory | Discovered new exit (range 22) 41303 | -7/Factory | Core integrity fell below 50% 41336 | -7/Factory | Lost 4 parts (1p2n1w) 41447 | -7/Factory | Core integrity fell below 20% 41475 | -7/Factory | Lost 4 parts (1n2u1w) 41993 | -7/Factory | Build established: Bothacker-Mutant 42400 | -7/Factory | Garrison activated, responded to threat 42793 | -7/Factory | Discovered exit to Storage (range 13) 43156 | -7/Factory | Identified exit to Factory 43762 | -7/Factory | Garrison activated, responded to threat 43998 | -7/Factory | Discovered new exit (range 5) 44002 | -7/Factory | Identified exit to Lower Caves 44011 | -7/Factory | Entered Lower Caves 44011 | -7/Lower Caves | Accompanied by 3 allies 44036 | -7/Lower Caves | Spotted B-75 Beast 44279 | -7/Lower Caves | Learned location of 1 exit from Factory 44308 | -7/Lower Caves | Destroyed by S-27 Virus with Autogun Last Messages --------------- 44231_ W/AQ&&VGTWLQHNV%FVLL8 IZUK 44240_ Connecting with WAR.Sys... >>Open Door Sealed Heavy Doors opened. 44246_ Acquired Mak. Armor Plating. 44248_ Acquired Battle Rifle. 44279_ Acquired derelict log, extracted data. Data stored: Factory exits (x1). 44284_ Searching scrap... 44284_ Found 45 Matter. 44284_ Found Katana. 44284_ Found Coolant Injector. 44284_ Found Gauss Cannon. 44286_ Acquired Katana. 44305_ Jacked S-27 Virus... >>formatsys_high Rerouting network defenses. Erasing system data. Installing primary routines, ETC: 6. 44306_ J,YCP>|OXIOLUE8%TALK,QIN M Map ----- +----------------------------------------------------+ | ????????????????????????# #X # #?#] ! | | ????????????????????????#!![### # ### #?# #### | | ????????????????????????#!![### ### ### #??? | | ????????????????????????###### ### ##?? | | ?????????????????????????????## ### ##? | | ??????????????????????????????### #?## #? | | ?????????????????????#?###????###### #??# | | ?????????????????????# # ###?# ##?# #?# | | ??????????????????????# ### #?# #?# | | ??????????????????????# ### #?## #### | | ???????????????????????# # # ##?######??? | | ????????????????????????# ### #?????????? | | ?????????????????????????# ## #### #????????? | | ?????????????????????????#!## #??# #????????? | | ?????????????????????????#%### #??# #????????? | | ???????????????????????### ] ### ##???????? | | ???????????????????????# #???????? | | ???????????????????????## ^## ###???????? | | ???????????????????????# # #?????????? | | ???????????? ?????????# ## ##????????? | | ???????????? ???????# # # ??????? | | ???????????# ?????## # # ????? | | ????????????# ???# #### ?????? | | ?????????????# s?# #g # #??????????? | | ?????????????????? s ##! ##??????????? | | ?????????????????????###s@[/ ####???????????? | | ???????????????????????# d!! #????????? | | ???????????????????????# ## #????????? | | ???????????????????????# #?# ##### #????????? | | ??????????????????????? #?? #???????????????? | | ?????????????????????? ?? #???????????????? | | ????????????????????? ??# ##???????????????? | | ????????????????????### #???###????????????????? | | ?????????????????????? ##??????????????????????? | | ?????????????????????? ????????????????????????? | | ?????????????????????# #????????????????????????? | | ?????????????????????# ?????????????????????????? | | ????????????????????? #?????????????????????????? | | ????????????????????? #??????????????????????????? | | ?????????????????????#???????????????????????????? | | ?????????????????????????????????????????????????? | | ?????????????????????????????????????????????????? | | ?????????????????????????????????????????????????? | | ?????????????????????????????????????????????????? | | ?????????????????????????????????????????????????? | | ?????????????????????????????????????????????????? | | ?????????????????????????????????????????????????? | | ?????????????????????????????????????????????????? | | ?????????????????????????????????????????????????? | | ?????????????????????????????????????????????????? | +----------------------------------------------------+ Best States ------------- Heat Dissipation 50 Energy Generation 16 Energy Capacity 290 Matter Stores 300 Matter Capacity 300 Sight Range 22 Robot Scan Range 13 Terrain Scan Density 60 Armor Coverage 450 Resistance: TH 15 Resistance: EM 15 Evasion (%) 53 Recoil Reduction 2 Offensive Hacking 10 Defensive Hacking 10 Item Schematics ----------------- Lrg. Storage Unit | -9/Materials | Scanalyzed Cmb. Airjet | -9/Materials | Scanalyzed Plasma Cutter | -9/Materials | Scanalyzed Robot Schematics ------------------ None Fabricated ------------ Nothing Alien Tech Used ----------------- None Achievements -------------- Curiosity Killed The Cat Challenges ------------ None Game ------ Seed GammaAlloyBattery Manual? 0 Play Time 02:59:20 Cumulative 149.0 hours Start 2020.06.22 @ 20:55:57 End 2020.06.23 @ 15:45:44 Sessions 5 Manual Loads 0 Difficulty Rogue Special Mode None Game No. 66 Rogue 66 Adventurer 0 Explorer 0 Win Type - Total 7 Types 6/0/0/1/0/0/0 Lore% 72 Gallery% 68 Achievement% 59 Wizard Run 0 Options --------- ASCII 1 Keyboard 0 Movement Numpad Keybinds 0 Fullscreen 1 Font 18/SmallcapsGlow Map View 76x50 Tactical HUD 1 Map Filters NONE Filters NONE Steam 1 RUN: f4dd5fee-f482-4995-afe7-7618adbaea6f